cohdb
Replays
Latest Replays
All Replays
Popular Replays
Top Player Replays
Match Explorer
How It Works
Community
CoH3 Stats
Reddit
Sign in to upload your games and track your stats! →
Sign in with Steam
Match 41623237
Unlisted
Match 41623237
Overview
Messages
Build Orders
End
Kradschützen Motorcycle Team
Panzerpioneer Squad
Panzerpioneer Squad
Selects Armored Support Battlegroup
Panzerpioneer Squad
Construct Light Support Kompanie
MG34 Team
Panzerpioneer Squad
Selects Veteran Gunners
Fire Support Elements
Assault Grenadier Squad
Panzerjäger Mechanized Group
Selects Salvage Kits
Combat Half-tracks
Flakvierling Half-track
2.5-tonne Medical Truck
Panzerpioneer Squad
Selects Panzer Storm
Pak 38 Anti-tank Gun Team
Vehicle Survival Package
Construct Panzerarmee Kommand
Walking Stuka Rocket Launcher
Emergency Repair Kits
Selects Stuka Anti-tank Loiter
Panzer III L Medium Tank
Tungsten Core Ammunition
Stuka Anti-tank Loiter
Armored Reserves
Stuka Anti-tank Loiter
MG34 Team
Rapid Advance
Selects Flammpanzer III Medium Tank
Panzerpioneer Squad
Stuka Anti-tank Loiter
Tiger Heavy Tank
Selects Command Panzer IV F Medium Tank
Advanced Optics
Panzer Storm
PINOCHET
Mo-J
BusinessPenguin
Hanzawilhelm Longbowman of Crécy
0
0
Comments
sign in to comment!
No comments posted yet!